 Dungeon Crawl Stone Soup version 0.20.1-1-g8b1a95d (webtiles) character file.

4328 Ezendos the Infuser (level 10, -7/68 HPs)
             Began as a Human Skald on July 14, 2017.
             Was a Follower of Ashenzari.
             Mangled by a two-headed ogre
             ... wielding a +0 giant club
              (21 damage)
             ... on level 8 of the Dungeon.
             The game lasted 00:31:09 (9236 turns).

Ezendos the Infuser (Human Skald)                   Turns: 9236, Time: 00:31:09

Health: -7/68      AC:  9    Str: 13    XL:     10   Next: 59%
Magic:  6/14       EV: 11    Int: 16    God:    Ashenzari [*.....]
Gold:   378        SH:  0    Dex: 12    Spells: 2/15 levels left

rFire    + + .     SeeInvis .   a - +0 trident (curse)
rCold    . . .     Gourm    .   (no shield)
rNeg     . . .     Faith    .   s - +0 ring mail (curse)
rPois    .         Spirit   .   q - +2 helmet (curse)
rElec    .         Reflect  .   g - +0 cloak
rCorr    .         Harm     .   (no gloves)
MR       .....                  (no boots)
Stlth    +.........             (no amulet)
Regen    1.3/turn               D - ring of protection from fire
MPRegen  0.2/turn               b - ring of protection from fire

@: regenerating
A: no striking features
a: Curse Item, Scrying, Renounce Religion


You were on level 8 of the Dungeon.
You worshipped Ashenzari.
Ashenzari was aware of your devotion.
You were not hungry.

You visited 2 branches of the dungeon, and saw 9 of its levels.

You collected 378 gold pieces.

Inventory:

Hand Weapons
 a - a cursed +0 trident (weapon)
 f - a +0 blowgun
 w - a +1 whip of venom
Missiles
 k - a throwing net (quivered)
 l - 23 poisoned needles
 m - 5 needles of sleeping
 p - 3 needles of confusion
Armour
 g - a +0 cloak (worn)
 q - a cursed +2 helmet (worn)
 s - a cursed +0 ring mail (worn)
Jewellery
 b - a ring of protection from fire (right hand)
 D - a ring of protection from fire (left hand)
Wands
 h - a wand of flame (20/48)
 r - a wand of polymorph (14/24)
 y - a wand of disintegration (2/24)
Scrolls
 e - 2 scrolls of teleportation {unknown}
 i - a scroll of fear {unknown}
 t - 3 scrolls of magic mapping {unknown}
 x - a scroll of immolation {unknown}
Potions
 j - 2 potions of haste {unknown}
 n - 5 potions of agility
 o - a potion of berserk rage {unknown}
 v - 2 potions of cancellation
 z - 2 potions of mutation
 B - a potion of lignification {unknown}
 H - a potion of flight {unknown}
Books
 c - a book of Battle

   Spells                             Type                      Level
   a - Infusion                       Charms                       1
   b - Shroud of Golubria             Charms/Translocation         2
   c - Song of Slaying                Charms                       2
   d - Spectral Weapon                Hexes/Charms                 3
   e - Regeneration                   Charms/Necromancy            3
 C - a book of Minor Magic

   Spells                             Type                      Level
   a - Magic Dart                     Conjuration                  1
   b - Blink                          Translocation                2
   c - Call Imp                       Summoning                    2
   d - Slow                           Hexes                        2
   e - Conjure Flame                  Conjuration/Fire             3
   f - Mephitic Cloud                 Conjuration/Poison/Air       3
Comestibles
 d - 3 bread rations
 u - 4 fruits
 A - 2 royal jellies


   Skills:
 * Level 2.7 Fighting
 - Level 9.7 Polearms
 + Level 1.5 Armour
 + Level 2.3 Dodging
 - Level 3.3 Spellcasting
 + Level 10.9 Charms


You had 2 spell levels left.
You knew the following spells:

 Your Spells              Type           Power        Failure   Level  Hunger
a - Infusion              Chrm           ####         1%          1    None
b - Song of Slaying       Chrm           #####...     1%          2    ##.....
c - Shroud of Golubria    Chrm/Tloc      ###.......   6%          2    ##.....
d - Spectral Weapon       Hex/Chrm       ###.....     12%         3    ###....
e - Regeneration          Chrm/Necr      ###.......   12%         3    ###....
f - Blink                 Tloc           N/A          52%         2    ##.....


Dungeon Overview and Level Annotations

Branches:
Dungeon (8/15)             Temple (1/1) D:6
   Lair: D:8-11

Altars:
Ashenzari
Cheibriados
Dithmenos
Fedhas
Gozag
Hepliaklqana
Kikubaaqudgha
Makhleb
Okawaru
Ru
Trog
Uskayaw
Xom
Yredelemnul

Shops:
D:4 %   D:7 [

Annotations:
D:4 ph1l's ghost, amateur DrBe


Message History

The two-headed ogre hits you with a giant spiked club!
You swap places.
You are too injured to fight recklessly!
Casting: Spectral Weapon
Confirm with . or Enter, or press ? or * to list all spells.
Your skin crawls.
The two-headed ogre hits you with a giant club.
* * * LOW HITPOINT WARNING * * *
The two-headed ogre hits you with a giant spiked club.
* * * LOW HITPOINT WARNING * * *
There is a stone staircase leading up here.
Okay, then.
Evoke which item? (* to show all) (? for menu, Esc to quit)
Aiming: Disintegrate (will waste charges)
Press: ? - help, Shift-Dir - straight line, f/p - two-headed ogre
Aim: a two-headed ogre, wielding a giant club and a giant spiked club (moderately wounded, chance to defeat MR: 48%)
The two-headed ogre is blasted.
Evoking this partially-identified wand wasted a few charges.
The two-headed ogre hits you with a giant club!!
You die...

#.# #.#
#.#
#####.#
#([...#
#.#####
#(# #O#
#@# #.#
#)# #.
#.#
#.##
#.#
...#
#.# ..#
#.# .(#
#.# #.#
#.#


You could see a two-headed ogre and a friendly spectral trident.

Vanquished Creatures
  A two-headed ogre (D:8)
  Psyche (D:8)
  The ghost of SirMumm the Magician, a novice GrWz of Okawaru (D:5)
  Grinder (D:6)
  A hungry ghost (D:7)
  Edmund (D:6)
  The ghost of SirMumm the Magician, an amateur GrWz (D:3)
  3 ice beasts
  A phantom (D:6)
  A sky beast (D:5)
  3 ogres
  A necrophage (D:7)
  2 bullfrogs
  A wyvern zombie (D:8)
  4 scorpions
  A water moccasin skeleton (D:6)
  9 wights
  2 howler monkeys
  2 crimson imps
  2 jellies (D:7)
  3 hounds
  A bullfrog skeleton (D:7)
  An orc priest (D:7)
  A centaur skeleton (D:6)
  2 iguanas (D:6)
  4 orc wizards
  A worker ant (D:6)
  A hound skeleton (D:6)
  A worker ant zombie (D:3)
  7 gnolls
  12 adders
  An ooze (D:1)
  An adder skeleton (D:5)
  3 worms (D:2)
  2 dart slugs
  5 leopard geckos
  16 orcs
  9 bats
  9 giant cockroaches
  8 goblins
  9 hobgoblins
  9 jackals
  5 quokkas
  7 ball pythons
  5 frilled lizards
  9 kobolds
  A quokka zombie (D:6)
  14 rats
186 creatures vanquished.

Vanquished Creatures (others)
  19 spectral weapons
19 creatures vanquished.

Grand Total: 205 creatures vanquished

Notes
Turn   | Place    | Note
-------+----------+-------------------------------------------
     0 | D:1      | Ezendos the Human Skald began the quest for the Orb.
     0 | D:1      | Reached XP level 1. HP: 16/16 MP: 3/3
   490 | D:1      | Reached XP level 2. HP: 22/22 MP: 5/5
   792 | D:1      | Learned a level 2 spell: Song of Slaying
   795 | D:1      | Learned a level 2 spell: Shroud of Golubria
   799 | D:1      | Reached skill level 4 in Charms
   799 | D:1      | Reached XP level 3. HP: 18/27 MP: 4/6
  1350 | D:1      | Reached XP level 4. HP: 33/33 MP: 0/7
  1625 | D:2      | Reached skill level 5 in Charms
  1785 | D:2      | Reached XP level 5. HP: 34/38 MP: 8/8
  1829 | D:2      | Learned a level 3 spell: Spectral Weapon
  2565 | D:3      | Reached XP level 6. HP: 10/44 MP: 4/10
  2573 | D:3      | Learned a level 3 spell: Regeneration
  2602 | D:3      | Noticed SirMumm's ghost (amateur GrWz)
  3419 | D:3      | Reached skill level 6 in Charms
  3792 | D:3      | Found a sacrificial altar of Ru.
  3792 | D:3      | Found a shattered altar of Ashenzari.
  3795 | D:3      | Became a worshipper of Ashenzari the Shackled
  3883 | D:3      | Reached XP level 7. HP: 28/50 MP: 0/11
  4127 | D:3      | Killed SirMumm's ghost
  4582 | D:4      | Found Qickiaru's Food Shoppe.
  4675 | D:4      | Found a burning altar of Makhleb.
  4679 | D:4      | Noticed ph1l's ghost (amateur DrBe)
  5457 | D:5      | Entered Level 5 of the Dungeon
  5578 | D:5      | Noticed SirMumm's ghost (novice GrWz)
  5621 | D:5      | Killed SirMumm's ghost
  5621 | D:5      | Reached skill level 5 in Polearms
  5621 | D:5      | Reached skill level 7 in Charms
  5621 | D:5      | Reached XP level 8. HP: 22/56 MP: 4/12
  6245 | D:5      | Reached skill level 8 in Charms
  6644 | D:6      | Noticed Grinder
  6669 | D:6      | Found a staircase to the Ecumenical Temple.
  6678 | Temple   | Entered the Ecumenical Temple
  6768 | D:6      | Learned a level 2 spell: Blink
  7046 | Temple   | Reached XP level 9. HP: 52/61 MP: 4/13
  7158 | D:6      | Found an opulent altar of Gozag.
  7375 | D:6      | Reached * piety under Ashenzari
  7377 | D:6      | Reached skill level 9 in Charms
  7416 | D:6      | Noticed Edmund
  7684 | D:6      | Killed Grinder
  7867 | D:6      | Killed Edmund
  8226 | D:7      | Found Joun's Antique Armour Shoppe.
  8228 | D:7      | Reached skill level 10 in Charms
  8228 | D:7      | Reached XP level 10. HP: 64/67 MP: 12/14
  8793 | D:8      | Noticed a two-headed ogre
  8851 | D:8      | Noticed a two-headed ogre
  8867 | D:8      | Killed a two-headed ogre
  9149 | D:8      | Noticed Psyche
  9156 | D:8      | Killed Psyche
  9236 | D:8      | Mangled by a two-headed ogre

Skill      XL: |  1  2  3  4  5  6  7  8  9 10 |
---------------+-------------------------------+-----
Charms         | 4 5 6 7 8 10 | 10.9
Spellcasting   | 3 |  3.3
Polearms       | 3 5 6 8 9 |  9.7
Fighting       | |  2.7
Armour         | |  1.5
Dodging        | |  2.3

Action                   |  1- 3 |  4- 6 |  7- 9 | 10-12 || total
-------------------------+-------+-------+-------+-------++-------
Melee: Spear             |    32 |   185 |    73 |       ||   290
       Dagger            |    65 |   105 |       |       ||   170
       Whip              |       |     8 |     4 |       ||    12
       Trident           |       |       |   292 |   108 ||   400
 Cast: Infusion          |     5 |     4 |    12 |       ||    21
       Shroud of Golubri |     2 |     2 |     2 |       ||     6
       Song of Slaying   |       |     2 |     1 |       ||     3
       Spectral Weapon   |       |    16 |    31 |    13 ||    60
       Regeneration      |       |       |       |     5 ||     5
Invok: Curse Item        |       |       |     1 |     1 ||     2
Evoke: Wand              |       |       |       |     1 ||     1
  Use: Scroll            |       |     4 |     3 |     1 ||     8
       Potion            |       |     1 |     1 |       ||     2
 Stab: Distracted        |       |     1 |     2 |       ||     3
  Eat: Chunk             |     2 |    10 |     8 |       ||    20
       Fruit             |       |       |     1 |       ||     1
       Meat ration       |       |       |     2 |     2 ||     4
Armor: Leather armour    |    24 |   107 |    77 |       ||   208
       Ring mail         |       |       |       |    28 ||    28
Dodge: Dodged            |    70 |   168 |   170 |    44 ||   452
